Map: Cerulean Fall LE

Players

TooDming

  • Race: Zerg Zerg
  • Spawn Location: 7:00

Stephano - Winner!

  • Race: Zerg Zerg
  • Spawn Location: 1:00

Event: WCS Montreal 2018

VOD

Have the link to the VOD?

Description

Time

  • Played on: Sept. 7, 2018, 6:46 p.m.
  • Length: 6:44

All games in this series

Show
View Real Time Build Order
Export as new Build Order

TooDming Zerg 

Build Orders: Pool First 

Get SALT Encoding   

  12  0:18  Spawning Pool  
  11  0:21  Drone  
  11  0:26  Drone  
  13  0:31  Drone  
  14  0:40  Overlord  
  14  1:04  Zergling x4  
  14  1:05  Zergling x2  
  17  1:15  Zergling x2  
  18  1:21  Spine Crawler  
  17  1:26  Zergling x2  
  18  1:38  Hatchery  
  17  1:42  Queen  
  17  1:46  Extractor  
  19  1:47  Zergling x2  
  19  1:53  Drone  
  21  2:02  Drone  
  22  2:10  Overlord  
  22  2:34  Drone x2  
  24  2:41  Drone  
  24  2:50  Queen  
  26  2:52  Metabolic Boost  
  26  2:56  Zergling x4  
  28  3:00  Zergling x2  
  28  3:02  Zergling x2  
  30  3:09  Overlord  
  30  3:11  Zergling x2  
  31  3:20  Zergling x4  
  33  3:29  Zergling x2  
  33  3:31  Zergling x2  
  33  3:33  Zergling x6  
  38  3:43  Zergling x2, Overlord  
  40  3:48  Zergling x2  
  40  4:09  Zergling x16  
  48  4:18  Zergling x2  
  48  4:28  Zergling x2  
  48  4:32  Zergling x4  
  48  4:42  Spine Crawler  
  48  4:43  Spine Crawler x2  
  45  4:58  Zergling x6  
  48  5:02  Drone x2  
  48  5:05  Overlord  
  50  5:15  Overlord  
  50  5:26  Overlord  
  50  5:27  Zergling x2  
  51  5:35  Zergling x8  
  52  5:39  Zergling x2  
  56  5:44  Zergling x2  
  56  6:00  Zergling x2  
  56  6:01  Zergling x8  
  59  6:10  Zergling x2  
  58  6:11  Zergling x6  
  45  6:24  Zergling x4  
Show
View Real Time Build Order
Export as new Build Order

Stephano Zerg - Winner!

Build Orders: Hatch First 

Get SALT Encoding   

  12  0:01  Drone  
  13  0:12  Overlord  
  13  0:17  Drone  
  14  0:30  Drone x2  
  16  0:49  Hatchery  
  15  0:53  Drone  
  15  0:56  Drone  
  17  0:59  Drone  
  18  1:10  Extractor  
  17  1:15  Spawning Pool  
  17  1:18  Drone  
  17  1:21  Drone  
  18  1:29  Drone  
  19  2:01  Zergling x2  
  19  2:02  Zergling x6, Queen  
  19  2:07  Queen  
  27  2:19  Zergling x2  
  27  2:28  Overlord  
  27  2:40  Drone  
  28  2:47  Queen  
  28  2:48  Drone x2  
  28  2:51  Drone  
  33  2:53  Drone  
  33  2:57  Overlord  
  34  3:02  Drone  
  34  3:05  Drone  
  36  3:09  Metabolic Boost  
  36  3:22  Drone  
  36  3:24  Drone  
  36  3:27  Drone x2  
  39  3:29  Drone x2  
  39  3:30  Overlord  
  41  3:41  Drone, Baneling Nest  
  41  3:50  Hatchery  
  41  3:53  Drone x2  
  42  3:57  Overlord  
  42  4:05  Zergling x8  
  42  4:09  Zergling x4  
  48  4:14  Zergling x4  
  50  4:19  Zergling x4  
  50  4:22  Evolution Chamber  
  49  4:25  Baneling x2  
  49  4:26  Evolution Chamber  
  49  4:28  Zergling x6  
  51  4:32  Baneling x3  
  51  4:33  Zergling x2  
  52  4:42  Drone x5  
  57  4:53  Drone x3  
  57  4:57  Extractor  
  57  4:59  Extractor  
  58  5:00  Roach Warren  
  58  5:02  Drone x2  
  58  5:09  Drone x2  
  60  5:23  Drone x3  
  60  5:24  Drone x3  
  60  5:25  Overlord  
  64  5:35  Lair  
  64  5:37  Drone, Overlord  
  65  5:51  Zergling x2  
  65  5:52  Zergling x14  
  73  6:01  Baneling x4  
  69  6:04  Zergling x2  
  69  6:05  Zergling x16  
  73  6:20  Baneling x4  
  73  6:21  Roach  
  73  6:24  Overlord  
  73  6:25  Roach  
Tags
 
Add a new tag
Caveats
  • Supply blocks, unpowered buildings, or Contaminate may cause inaccurate times.
  • Supply counts are checked every 10 seconds.